 Dungeon Crawl Stone Soup version 0.28-a0-503-g83f2989fac (webtiles) character file.

Game seed: 10626118923435388573

25 siradein the Martial Artist (level 3, -3/31 HPs)
             Began as a Gnoll Wanderer on Sept 20, 2021.
             Frozen to death by an endoplasm (5 damage)
             ... on level 1 of the Dungeon.
             The game lasted 00:02:32 (1144 turns).

siradein the Martial Artist (Gnoll Wanderer)        Turns: 1144, Time: 00:02:34

Health: -3/31      AC:  3    Str: 12    XL:     3   Next: 6%
Magic:  3/3        EV: 11    Int: 10    God:
Gold:   12         SH:  0    Dex: 12    Spells: 3/3 levels left

rFire   . . .      SeeInvis .   a - +2 dagger
rCold   . . .      Faith    .   (no shield)
rNeg    . . .      Spirit   .   i - +0 leather armour
rPois   .          Reflect  .   (no helmet)
rElec   .          Harm     .   (no cloak)
rCorr   .          Rampage  .   (no gloves)
Will    .....                   (no boots)
Stlth   ++........              (no amulet)
HPRegen 0.10/turn               (no ring)
MPRegen 0.08/turn               (no ring)

@: no status effects
A: fangs 1, strong nose, distributed training
a: no special abilities


You were on level 1 of the Dungeon.
You visited 1 branch of the dungeon, and saw 2 of its levels.

You collected 12 gold pieces.

Inventory:

Hand Weapons
 a - a +2 dagger (weapon)
Armour
 i - a +0 leather armour (worn)
Wands
 j - a wand of iceblast (13)
Scrolls
 e - a scroll of identify {unknown}
 g - a scroll of fear {unknown}
Potions
 b - a potion of heal wounds
 c - a potion of curing
 d - a potion of lignification
 f - 2 potions of flight {unknown}
 h - 2 potions of brilliance {unknown}


   Skills:
 + Level 4.5 Fighting
 + Level 0.6 Short Blades
 + Level 0.6 Long Blades
 + Level 2.5 Axes
 + Level 0.6 Maces & Flails
 + Level 0.6 Polearms
 + Level 0.6 Staves
 + Level 0.6 Slings
 + Level 0.6 Bows
 + Level 0.6 Crossbows
 + Level 0.6 Throwing
 + Level 2.5 Armour
 + Level 0.6 Dodging
 + Level 2.3 Stealth
 + Level 0.6 Shields
 + Level 8.5 Unarmed Combat
 + Level 0.6 Spellcasting
 + Level 0.4 Conjurations
 + Level 0.4 Hexes
 + Level 0.4 Summonings
 + Level 0.4 Necromancy
 + Level 0.4 Translocations
 + Level 0.4 Transmutations
 + Level 0.4 Fire Magic
 + Level 0.4 Ice Magic
 + Level 0.4 Air Magic
 + Level 0.4 Earth Magic
 + Level 0.4 Poison Magic
 + Level 0.8 Invocations
 + Level 2.5 Evocations


You had 3 spell levels left.
You didn't know any spells.
Your spell library was empty.

Dungeon Overview and Level Annotations

Branches:
Dungeon (2/15)

Altars:


Innate Abilities, Weirdness & Mutations

You have very sharp teeth.
Your uncanny sense of smell can sniff out nearby items.
Your experience applies equally to all skills.


Message History

You barely miss the jackal.
The jackal is lightly wounded.
The jackal barely misses you. The goblin barely misses you. x2
The endoplasm closely misses you. The jackal closely misses you.
The jackal barely misses you.
You barely miss the jackal. You punch the jackal.
The jackal is almost dead.
The jackal closely misses you. The goblin hits you with a +0 club.
The jackal bites you. The goblin barely misses you. The endoplasm freezes you.
You are frozen.
You are too injured to fight recklessly!
You are too injured to fight recklessly!
You are too injured to fight recklessly!
You are too injured to fight recklessly!
Unknown command.
You hit the endoplasm.
The endoplasm is almost dead.
The jackal closely misses you. The jackal bites you.
The goblin closely misses you. The goblin barely misses you.
The endoplasm freezes you.
You are frozen.
* * * LOW HITPOINT WARNING * * *
The jackal barely misses you. x2
You hit the goblin.
You kill the goblin!
The jackal bites you but does no damage.
The goblin closely misses you. The endoplasm freezes you.
You are frozen.
* * * LOW HITPOINT WARNING * * *
The jackal closely misses you.
You hit the jackal but do no damage. The jackal bites you.
* * * LOW HITPOINT WARNING * * *
The jackal barely misses you. The goblin hits you with a +0 dagger.
* * * LOW HITPOINT WARNING * * *
The frilled lizard bites you but does no damage.
The endoplasm freezes you.
You are frozen.
You die...

#...###.##.....#####..##.#
##### ###.....###..#.#
#..##.###...#
####..#...#..#.#
#.......#.#.##
#....####......#
#.##......#... #.####
#..#..# #.######.)#..≈ #
......####..# #..#...
..####...)...# #######
#hg...# ### #@h...# #..
#Jl...# #.. ####### #..
#.. #.. ###


You could see an endoplasm, 2 jackals, a goblin and a frilled lizard.

Vanquished Creatures
  A dart slug (D:1)
  3 endoplasms
  2 giant cockroaches (D:1)
  3 goblins (D:1)
  2 hobgoblins
  2 quokkas (D:1)
  2 ball pythons (D:1)
  3 frilled lizards
  2 kobolds (D:1)
  2 rats (D:1)
22 creatures vanquished.

Notes
Turn   | Place    | Note
-------+----------+-------------------------------------------
     0 | D:1      | siradein the Gnoll Wanderer began the quest for the Orb.
     0 | D:1      | siradein set off with the following items: a +2 dagger, a
                  | potion of heal wounds, a potion of curing, a potion of
                  | lignification, a +0 robe
     0 | D:1      | Reached XP level 1. HP: 20/20 MP: 1/1
   285 | D:1      | Reached XP level 2. HP: 7/26 MP: 2/2
   926 | D:1      | You fall into a shaft and drop 1 floor!
  1129 | D:2      | Reached XP level 3. HP: 26/31 MP: 3/3
  1144 | D:1      | Frozen to death by an endoplasm

Illustrated notes

Levels and vault maps discovered:
D:1:      dpeg_arrival_rooms_c, layout_rooms
D:2:      layout_basic, ebering_ecumenical_altar_petrified, uniq_sigmund

Action                   || total
-------------------------++-------
Melee: Dagger            ||    72
       Bite              ||     5
       Punch             ||     1
 Stab: Sleeping          ||     4
Armor: Robe              ||     5
       Leather armour    ||     3
Dodge: Dodged            ||    59

Table legend: (Time is in decaauts)
 A = Elapsed time spent in this place.
 B = Non-inter-level travel time spent in this place.
 C = Inter-level travel time spent in this place.
 D = Time resting spent in this place.
 E = Time spent auto-exploring this place.
 F = Levels seen in this place.
 G = Mean time per level.
                   A        B        C        D        E       F      G
               +--------+--------+--------+--------+--------+-----+--------+
         Total |   1143 |   1143 |      0 |      0 |    948 |   2 |  571.5 |
       Dungeon |   1143 |   1143 |      0 |      0 |    948 |   2 |  571.5 |
               +--------+--------+--------+--------+--------+-----+--------+

Top non-repeatable levels by time:
     D:1: 932 daAuts
     D:2: 210 daAuts
